 Dungeon Crawl Stone Soup version 0.31-a0-150-g89dc3ad700 (webtiles) character file.

Game seed: 2670441796675188184

150 qw the Shooter (level 5, -2/46 HPs)
             Began as a Minotaur Hunter on June 8, 2023.
             Killed from afar by a white imp (9 damage)
             ... with a puff of frost
             ... on level 4 of the Dungeon.
             The game lasted 00:00:56 (1862 turns).

qw the Shooter (Minotaur Hunter)                    Turns: 1862, Time: 00:00:57

Health: -2/46      AC:  6    Str: 15    XL:     5   Next: 10%
Magic:  4/4        EV: 11    Int:  6    God:
Gold:   126        SH:  0    Dex: 16    Spells: 4/4 levels left

rFire   . . .        Y - +1 shortbow
rCold   . . .        (shield currently unavailable)
rNeg    . . .        e - +0 ring mail
rPois   .            (helmet restricted)
rElec   .            (no cloak)
rCorr   .            (no gloves)
SInv    .            k - +0 pair of boots
Will    .....        f - amulet of the acrobat
Stlth   +            (no ring)
HPRegen 0.27/turn    (no ring)
MPRegen 0.09/turn

%: acrobat
@: about to teleport
A: horns 2, retaliatory headbutt
a: no special abilities


You were on level 4 of the Dungeon.
You visited 1 branch of the dungeon, and saw 4 of its levels.

You collected 126 gold pieces.


Innate Abilities, Weirdness & Mutations

You have a pair of horns on your head.
You reflexively headbutt those who attack you in melee.


   Skills:
 - Level 4.0 Fighting
 + Level 6.2 Ranged Weapons
 - Level 1.0 Armour
 - Level 2.1 Dodging
 - Level 0.7 Stealth


You had 4 spell levels left.
You didn't know any spells.
Your spell library was empty.

Inventory:

Hand Weapons
 Y - a +1 shortbow (weapon)
Armour
 e - a +0 ring mail (worn)
 k - a +0 pair of boots (worn)
Jewellery
 f - an amulet of the acrobat (around neck)
 m - an amulet of faith
Scrolls
 a - 3 scrolls of teleportation
 g - a scroll of identify
Potions
 b - a potion of might
 c - a potion of magic {unknown}
 d - a potion of cancellation {unknown}
 h - a potion of invisibility {unknown}
 i - a potion of curing {unknown}
 j - 2 potions of haste
 l - a potion of ambrosia {unknown}

Dungeon Overview and Level Annotations

Branches:
Dungeon (4/15)
 Temple: D:4-7

Altars:
Makhleb


Message History

The white imp closely misses you. You furiously retaliate!
You headbutt the white imp!
You kill the white imp!
The white imp gestures at you. The puff of frost hits you.
You have reached level 5!
You shoot an arrow. The arrow closely misses the white imp.
The arrow barely misses the white imp.
The white imp shouts, "Flee, thou obnoxious weevil-witted whip-jack!"
The white imp closely misses you.
You shoot an arrow. The arrow hits the white imp.
The white imp is almost dead.
The white imp hits you. The white imp freezes you.
You shoot an arrow. The arrow barely misses the white imp.
The arrow hits the white imp!
The white imp is heavily wounded.
An ufetubus comes into view.
The white imp gestures at you. The puff of frost hits you!
You shoot an arrow.
The arrow hits the white imp but does no damage.
The white imp is almost dead.
The white imp gestures at you. The puff of frost hits you!
You shoot an arrow. The arrow hits the white imp.
You kill the white imp!
You shoot an arrow. The arrow hits the white imp.
The white imp is almost dead.
The white imp hits you. The white imp freezes you.
The white imp barely misses you.
1861 ||| READING 4 scrolls of teleportation.
As you read the scroll of teleportation, it crumbles to dust.
You feel strangely unstable. The white imp gestures at you.
The puff of frost misses you.
You shoot an arrow. The arrow closely misses the white imp.
The arrow barely misses the shadow imp.
The white imp gestures at you. The puff of frost hits you!
You die...

.. ..# #..#######
##........# .
...#.....# P..
#.#..\..####.~~..
#........@55.ยค~..
###.....###5.....
# ##.#### .##.. #.
###.######. # ##.
#.......... ....
#.#.##.....
##..###
#.#.##.###.
....%.###.#.##.#
.....<.##.#.##.#


You could see a white imp, a shadow imp and an ufetubus.

Vanquished Creatures
  3 adders
  A shadow imp (D:4)
  2 white imps (D:4)
  An ufetubus (D:4)
  2 worms
  6 dart slugs
  2 orcs (D:3)
  4 endoplasms
  4 giant cockroaches
  5 goblins
  7 hobgoblins
  2 jackals (D:4)
  8 ball pythons
  9 bats
  5 frilled lizards
  7 kobolds
  13 rats
81 creatures vanquished.

Notes
Turn   | Place    | Note
-------+----------+-------------------------------------------
     0 | D:1      | qw the Minotaur Hunter began the quest for the Orb.
     0 | D:1      | Reached XP level 1. HP: 18/18 MP: 0/0
     0 | D:1      | 0 ||| qw: Version: 0.2-a-119-g7aa9181
     0 | D:1      | 0 ||| qw: Game counter: 2831
     0 | D:1      | 0 ||| qw: Always use a shield: true
     0 | D:1      | 0 ||| qw: God list: Okawaru
     0 | D:1      | 0 ||| qw: Allow faded altars: false
     0 | D:1      | 0 ||| qw: Do Orc after D:15 true
     0 | D:1      | 0 ||| qw: Do second Lair branch before Depths: true
     0 | D:1      | 0 ||| qw: Lair rune preference: random
     0 | D:1      | 0 ||| qw: Plans: Normal
     0 | D:1      | 0 ||| PLANNING D:1-11
    71 | D:1      | HP: 4/18 [kobold/+0 whip (4)]
    80 | D:1      | 80 ||| FLEEEEING.
    81 | D:1      | 81 ||| FLEEEEING.
    82 | D:1      | 82 ||| FLEEEEING.
    83 | D:1      | 83 ||| FLEEEEING.
    84 | D:1      | 84 ||| FLEEEEING.
    85 | D:1      | 85 ||| FLEEEEING.
   149 | D:1      | Reached XP level 2. HP: 25/25 MP: 1/1
   160 | D:1      | Reached skill level 5 in Ranged Weapons
   300 | D:1      | 300 ||| FLEEEEING.
   338 | D:1      | Reached skill level 3 in Fighting
   447 | D:1      | Reached XP level 3. HP: 31/31 MP: 2/2
   449 | D:1      | Found a faded altar of an unknown god.
   556 | D:1      | 556 ||| UPGRADING to +0 pair of boots.
   561 | D:1      | 561 ||| READING 4 scrolls labelled WUEQEKAO KOKH.
   565 | D:1      | 565 ||| READING scroll labelled UCOELE DEGRO.
   566 | D:1      | 566 ||| READING 2 scrolls labelled YWOACE ZUSU.
   567 | D:1      | 567 ||| READING 2 scrolls labelled WOYCIL VUBADU.
   568 | D:1      | 568 ||| DRINKING 2 fizzy dark potions.
   569 | D:1      | 569 ||| DROPPING scroll of butterflies.
   570 | D:1      | 570 ||| DROPPING scroll of fear.
   592 | D:2      | 592 ||| STAIRDANCE
   615 | D:2      | 615 ||| STAIRDANCE
   945 | D:2      | 945 ||| UPGRADING to +0 ring mail.
   955 | D:2      | 955 ||| DROPPING +0 leather armour.
   956 | D:2      | 956 ||| UPGRADING to amulet of the acrobat.
   961 | D:2      | 961 ||| DROPPING amulet of guardian spirit.
   989 | D:3      | Reached XP level 4. HP: 32/38 MP: 3/3
  1088 | D:3      | Reached skill level 1 in Armour
  1228 | D:3      | Reached skill level 6 in Ranged Weapons
  1385 | D:3      | Found a burning altar of Makhleb.
  1385 | D:3      | Noticed a cacodemon
  1740 | D:3      | Identified the +4 spear "Taireas" {protect, Will+ Dex+3}
  1759 | D:3      | 1759 ||| READING 2 scrolls of identify.
  1759 | D:3      | 1759 ||| IDENTIFYING golden potion
  1855 | D:4      | Reached XP level 5. HP: 34/46 MP: 4/4
  1860 | D:4      | HP: 7/46 [white imp (5)]
  1861 | D:4      | 1861 ||| READING 4 scrolls of teleportation.
  1862 | D:4      | Killed from afar by a white imp

Levels and vault maps discovered:
D:1:      ncdulo_halloftheorcs, layout_rooms,
          hellmonk_ecumenical_altar_defaced_shrine, patterned_corridor
D:2:      layout_rooms
D:3:      layout_loops_ring, makhleb_altar_promises_db, minmay_cut_off
D:4:      layout_loops_ring, overflow_temple_1_default,
          nicolae_tso_besieged_by_evil, fedhas_altar_2,
          minmay_temple_entry_statues_fountains, serial_demonic,
          serial_demonic_d, serial_demonic_f, serial_demonic_d,
          serial_demonic_g, serial_demonic_b, serial_demonic_g,
          serial_demonic_d, serial_demonic_d, serial_demonic_a, serial_demonic_a

Skill      XL: |  1  2  3  4 |
---------------+-------------+-----
Ranged Weapons | 5 6 |  6.2
Fighting       | 3 4 |  4.0
Armour         | 1 |  1.0
Dodging        | |  2.1
Stealth        | |  0.7

Action                     |  1- 3 |  4- 6 || total
---------------------------+-------+-------++-------
   Fire: Shortbow          |   119 |    87 ||   206
    Use: Scroll            |     4 |     2 ||     6
         Potion            |     1 |       ||     1
 Armour: Leather armour    |     4 |       ||     4
         Ring mail         |     1 |    15 ||    16
  Dodge: Dodged            |    41 |    42 ||    83

Table legend:
 A = Non-vault XP
 B = Vault XP
 C = Vault XP percentage of total XP
 D = Non-vault monster count
 E = Vault monster count
 F = Vault count percentage of total count
                 A         B        C        D         E       F
            +---------+---------+-------+---------+---------+-------
      Total |     154 |      61 |  28.4 |      69 |      12 |  14.8
            +---------+---------+-------+---------+---------+-------
        D:1 |      41 |      14 |  25.5 |      25 |       5 |  16.7
        D:2 |      35 |       0 |   0.0 |      16 |       0 |   0.0
        D:3 |      58 |       7 |  10.8 |      24 |       3 |  11.1
        D:4 |      20 |      40 |  66.7 |       4 |       4 |  50.0
            +---------+---------+-------+---------+---------+-------
